Map: Altitude LE

Players

Eichi

  • Race: Protoss Protoss
  • Spawn Location: 7:00

电脑难度(专家) - Winner!

  • Race: Protoss Protoss
  • Spawn Location: 1:00

VOD

Have the link to the VOD?

Description

Time

  • Played on: Sept. 24, 2023, 1 p.m.
  • Length: 11:52
Show
View Real Time Build Order
Export as new Build Order

Eichi Protoss 

Build Orders: 1 Gate Expand, Archon Immortal 

Get SALT Encoding   

  12  0:00  Probe  
  13  0:13  Probe  
  14  0:25  Probe  
  15  0:38  Pylon  
  15  0:56  Probe  
  16  0:57  Gateway  
  16  1:08  Probe  
  17  1:20  Probe  
  17  1:21  Nexus  
  19  1:32  Probe  
  19  1:40  Assimilator  
  19  1:47  Cybernetics Core  
  19  1:51  Probe  
  20  2:01  Assimilator  
  20  2:04  Probe  
  21  2:16  Probe  
  22  2:28  Probe  
  23  2:32  Warp Gate  
  23  2:36  Probe  
  24  2:37  Stalker  
  24  2:40  Probe  
  27  2:48  Probe  
  28  2:53  Probe  
  28  2:55  Pylon  
  29  2:58  Robotics Facility  
  29  3:00  Probe  
  29  3:05  Probe  
  31  3:13  Probe  
  31  3:16  Stalker  
  31  3:19  Probe (Chrono Boost)  
  35  3:25  Probe (Chrono Boost)  
  36  3:27  Pylon  
  36  3:34  Probe x2 (Chrono Boost)  
  38  3:39  Probe  
  40  3:41  Probe  
  40  3:51  Probe  
  40  3:52  Stalker  
  40  3:53  Probe  
  44  3:57  Immortal  
  44  4:01  Assimilator  
  48  4:04  Probe, Assimilator  
  48  4:05  Probe, Pylon  
  50  4:10  Gateway  
  50  4:11  Gateway  
  50  4:16  Probe  
  51  4:17  Probe  
  51  4:20  Pylon  
  52  4:28  Probe  
  52  4:29  Probe  
  54  4:42  Probe x2  
  54  4:44  Stalker  
  54  4:45  Immortal (Chrono Boost)  
  62  4:54  Probe x2  
  62  4:58  Nexus  
  64  5:03  Twilight Council  
  64  5:06  Probe, Pylon  
  64  5:07  Probe  
  66  5:08  Pylon  
  66  5:16  Pylon  
  66  5:17  Pylon  
  66  5:18  Probe  
  66  5:19  Probe  
  68  5:30  Stalker x3  
  74  5:38  Immortal  
  74  5:41  Probe x2  
  78  5:52  Charge (Chrono Boost)  
  78  5:53  Probe x2  
  80  6:00  Templar Archives  
  80  6:02  Gateway  
  80  6:05  Probe, Gateway  
  80  6:06  Probe, Assimilator  
  80  6:10  Probe  
  83  6:12  Assimilator  
  83  6:16  Stalker  
  83  6:17  Probe  
  86  6:23  Immortal  
  86  6:24  Probe x2  
  92  6:33  Gateway  
  92  6:35  Probe  
  92  6:36  Probe  
  92  6:37  Probe  
  95  6:47  Probe  
  96  6:48  Probe  
  96  6:49  Probe  
  96  6:51  High Templar x2  
  96  6:52  High Templar  
  104  6:59  Probe  
  104  7:00  Probe  
  104  7:01  Probe  
  107  7:02  Gateway  
  107  7:03  Gateway  
  107  7:07  Gateway  
  107  7:08  Archon  
  107  7:09  High Templar  
  107  7:10  High Templar, Forge  
  107  7:14  Probe x2, Forge  
  107  7:15  Probe  
  114  7:17  Archon  
  114  7:26  Probe x2  
  114  7:27  Probe  
  117  7:39  Pylon  
  117  7:42  Pylon  
  117  7:48  Nexus  
  117  7:49  Pylon  
  117  7:51  Pylon  
  117  7:55  Pylon  
  117  7:57  Probe x3, Immortal  
  124  7:59  Pylon  
  124  8:01  High Templar x4  
  132  8:07  Pylon  
  132  8:08  Pylon, Archon  
  132  8:09  Probe x3, Archon  
  129  8:26  Zealot  
  129  8:27  Zealot x4  
  125  8:36  Probe x2  
  125  8:37  Probe  
  116  8:48  Probe, Stalker x3  
  118  8:49  Probe x2, Zealot  
  118  8:50  Zealot x2  
  118  8:51  Zealot x3  
  118  8:53  Immortal  
  137  9:00  Probe  
  137  9:01  Probe x2  
  140  9:18  High Templar x4, Assimilator  
  140  9:19  High Templar x4  
  140  9:20  High Templar  
  140  9:21  Warp Prism  
  140  9:22  Assimilator  
  158  9:28  Protoss Ground Armor Level 1 (Chrono Boost), Protoss Ground Weapons Level 1 (Chrono Boost)  
  158  9:38  Probe x3  
  163  9:46  Archon x3  
  163  9:47  Archon  
  163  9:51  Zealot x6  
  163  9:52  Zealot x3  
  185  10:00  Immortal  
  185  10:10  Pylon  
  185  10:24  High Templar x5  
  195  10:29  Archon x2  
  195  10:34  Nexus  
  195  10:38  Stalker  
  195  10:39  Stalker  
  183  11:10  Zealot  
  179  11:14  Zealot  
  181  11:26  Zealot  
  181  11:27  Zealot x6  
Show
View Real Time Build Order
Export as new Build Order

电脑难度(专家) Protoss - Winner!

Build Orders: Mass Adepts, Zealot Archon 

Get SALT Encoding   

  12  0:00  Probe  
  13  0:13  Probe  
  14  0:20  Pylon  
  14  0:25  Probe  
  15  0:35  Probe  
  16  0:43  Probe  
  16  0:47  Assimilator  
  17  0:51  Gateway  
  17  0:52  Probe  
  18  0:59  Pylon  
  18  1:00  Probe  
  18  1:09  Probe  
  20  1:19  Probe  
  21  1:38  Gateway  
  21  1:39  Probe  
  24  1:40  Cybernetics Core, Zealot  
  24  1:48  Pylon  
  24  1:51  Probe  
  25  1:58  Zealot  
  25  2:03  Probe  
  28  2:08  Warp Gate  
  28  2:15  Probe  
  29  2:24  Adept x2  
  33  2:31  Gateway  
  33  2:39  Gateway  
  33  2:54  Adept x2  
  33  2:57  Pylon  
  38  2:58  Probe  
  38  3:17  Adept  
  40  3:24  Adept x2  
  40  3:26  Adept  
  46  3:33  Pylon  
  46  3:35  Probe  
  47  3:56  Adept  
  47  4:01  Adept, Stalker  
  53  4:04  Stalker  
  53  4:06  Pylon  
  53  4:07  Assimilator  
  55  4:24  Stalker x2  
  59  4:25  Zealot  
  59  4:31  Zealot  
  63  4:42  Pylon  
  63  4:47  Robotics Facility  
  63  5:00  Adept x2  
  63  5:04  Adept  
  69  5:10  Adept  
  71  5:18  Pylon  
  71  5:23  Pylon  
  71  5:39  Immortal  
  75  5:44  Sentry  
  75  5:59  Twilight Council  
  75  6:18  Pylon  
  75  6:39  Templar Archives  
  75  6:52  Nexus  
  75  7:14  Forge  
  75  7:17  High Templar  
  75  7:22  Forge  
  77  7:28  Observer  
  78  7:45  High Templar  
  80  7:54  Stalker  
  82  7:59  Archon  
  82  8:05  Probe x2  
  84  8:12  Zealot x3  
  88  8:17  Probe x2  
  88  8:18  Zealot  
  82  8:22  Assimilator  
  82  8:25  Probe  
  67  8:27  High Templar  
  67  8:29  Probe, Assimilator  
  67  8:33  Probe  
  54  8:42  Nexus  
  48  8:49  High Templar  
  48  8:50  Zealot  
  38  9:04  High Templar  
  38  9:06  Adept  
  38  9:10  Zealot  
  37  9:23  High Templar  
  37  9:27  Zealot  
  37  9:29  Zealot  
  33  9:37  Zealot  
  21  9:48  Zealot  
  17  9:57  Zealot  
  7  10:39  Probe  
  4  10:52  Probe  
  5  11:10  Probe, Nexus  
  6  11:24  Probe  
Tags
 
Add a new tag
Caveats
  • Supply blocks, unpowered buildings, or Contaminate may cause inaccurate times.
  • Supply counts are checked every 10 seconds.